PL
WIZARDING EXPRESS @ PORTLAND EVERGREENS
05/25/2029
 
TOP OF THE 1ST
Wizarding Express batting - Pitching for Portland Evergreens : RHP Kent Clement
Pitching: RHP Kent Clement
Batting: LHB José Corona 0-0: Ball
1-0: Ground out 4-3 (Groundball, 4)
Batting: SHB Salvador Trevino 0-0: Ground out 4-3 (Groundball, 4M)
Batting: LHB Nathan Tanner 0-0: Called Strike
0-1: SINGLE (Line Drive, 6M)
Batting: RHB António Martínez 0-0: Called Strike
Nathan Tanner steals 2nd base
0-1: Called Strike
0-2: Ball
1-2: Foul Ball, location: 2F
1-2: Reached on error, E1 (Groundball, P)
Nathan Tanner scores
Batting: LHB António Boccanegra 0-0: Ball
1-0: Foul Ball, location: 2F
1-1: Called Strike
1-2: Ball
2-2: Ball
3-2: SINGLE (Groundball, 6MD)
António Martínez to third
António Martínez scores
Batting: SHB Fernando Sánchez 0-0: Called Strike
0-1: Fly out, F4 (Line Drive, 4)
Top of the 1st over - 2 runs, 2 hits, 1 error, 1 left on base; Wizarding 2 - Portland 0
BOTTOM OF THE 1ST
Portland Evergreens batting - Pitching for Wizarding Express : LHP Charles Dobson
Pitching: LHP Charles Dobson
Batting: LHB John Ennis 0-0: Called Strike
0-1: Fly out, F4 (Popup, 3D)
Batting: RHB Micah Coffey 0-0: Ball
1-0: Ball
2-0: Swinging Strike
2-1: Swinging Strike
2-2: Foul Ball, location: 2F
2-2: Ball
3-2: Foul Ball, location: 2F
3-2: Foul Ball, location: 2F
3-2: Base on Balls
Batting: LHB Adrián Gómez 0-0: Ball
1-0: SINGLE (Groundball, 34) (infield hit)
Micah Coffey to second
Batting: LHB Chris Payling 0-0: Ball
1-0: SINGLE (Groundball, 4MD)
Micah Coffey to third
Adrián Gómez to second
Runner from 3rd tries for Home, SAFE, no throw
Batting: RHB Wei-qiang Mo 0-0: Fielders Choice at 2nd, 4-6 (Groundball, 4)
Adrián Gómez to third
Batting: RHB Ty Struck 0-0: Ball
1-0: Ball
2-0: Swinging Strike
2-1: Foul Ball, location: 2F
2-2: Ball
3-2: Base on Balls
Wei-qiang Mo to second
Batting: SHB Chris Williamson 0-0: Ball
1-0: Foul Ball, location: 2F
1-1: SINGLE (Line Drive, 4MD)
Adrián Gómez scores
Wei-qiang Mo to third
Ty Struck to second
Batting: RHB Silvio Bonauiti 0-0: Ball
1-0: Called Strike
1-1: Ball
2-1: Ball
3-1: Swinging Strike
3-2: Base on Balls
Wei-qiang Mo scores
Ty Struck to third
Chris Williamson to second
Batting: RHB Frank Crocker 0-0: Called Strike
0-1: Ball
1-1: SINGLE (Line Drive, 89S)
Ty Struck scores
Chris Williamson to third
Silvio Bonauiti to second
Runner from 3rd tries for Home, SAFE, no throw
Batting: LHB John Ennis 0-0: Called Strike
0-1: Ball
1-1: Fly out, F9 (Flyball, 9S)
Bottom of the 1st over - 5 runs, 4 hits, 0 errors, 2 left on base; Wizarding 2 - Portland 5
TOP OF THE 2ND
Wizarding Express batting - Pitching for Portland Evergreens : RHP Kent Clement
Batting: RHB Rafael Arredondo 0-0: Fly out, F6 (Flyball, 6MD)
Batting: LHB David Breitling 0-0: Called Strike
0-1: Ball
1-1: Fly out, F9 (Flyball, 9D)
Batting: RHB Frank Grimes 0-0: Called Strike
0-1: Ball
1-1: Swinging Strike
1-2: Foul Ball, location: 2F
1-2: Ball
2-2: Foul Ball, location: 2F
2-2: Foul Ball, location: 2F
2-2: Ground out 5-3 (Groundball, 5)
Top of the 2nd over - 0 runs, 0 hits, 0 errors, 0 left on base; Wizarding 2 - Portland 5
BOTTOM OF THE 2ND
Portland Evergreens batting - Pitching for Wizarding Express : LHP Charles Dobson
Batting: RHB Micah Coffey 0-0: Called Strike
0-1: Ball
1-1: Ball
2-1: Ground out 5-3 (Groundball, 5)
Batting: LHB Adrián Gómez 0-0: Ball
1-0: Fly out, F6 (Popup, 6M)
Batting: LHB Chris Payling 0-0: Ball
1-0: Ball
2-0: Called Strike
2-1: Foul Ball, location: 2F
2-2: SINGLE (Groundball, 6MD)
Batting: RHB Wei-qiang Mo 0-0: Ball
Chris Payling is caught stealing 2nd base
Bottom of the 2nd over - 0 runs, 1 hit, 0 errors, 0 left on base; Wizarding 2 - Portland 5
TOP OF THE 3RD
Wizarding Express batting - Pitching for Portland Evergreens : RHP Kent Clement
Batting: LHB José Corona 0-0: SINGLE (Line Drive, 78S)
Batting: SHB Salvador Trevino 0-0: Foul Ball, location: 2F
0-1: Ball
1-1: Ball
2-1: Ball
3-1: Base on Balls
José Corona to second
Batting: LHB Nathan Tanner 0-0: Swinging Strike
0-1: Ball
1-1: Called Strike
1-2: Ball
2-2: Ball
3-2: Base on Balls
José Corona to third
Salvador Trevino to second
Batting: RHB António Martínez 0-0: Ball
1-0: Swinging Strike
1-1: Foul Ball, location: 2F
1-2: Ball
2-2: Foul Ball, location: 2F
2-2: Strikes out looking
Batting: LHB António Boccanegra 0-0: SINGLE (Groundball, 4MD)
José Corona scores
Salvador Trevino to third
Nathan Tanner to second
Runner from 3rd tries for Home, SAFE, no throw
Batting: SHB Fernando Sánchez 0-0: Ball
1-0: Ball
2-0: Ball
3-0: Called Strike
3-1: Base on Balls
Nathan Tanner to third
António Boccanegra to second
Batting: RHB Rafael Arredondo 0-0: Ball
1-0: Called Strike
1-1: Swinging Strike
1-2: Ball
2-2: Fly out, F6 (Popup, 6)
Batting: LHB David Breitling 0-0: Swinging Strike
0-1: Foul Ball, location: 2F
0-2: Ball
1-2: Fly out, F9 (Line Drive, 89D)
Top of the 3rd over - 2 runs, 2 hits, 0 errors, 3 left on base; Wizarding 4 - Portland 5
BOTTOM OF THE 3RD
Portland Evergreens batting - Pitching for Wizarding Express : LHP Charles Dobson
Batting: RHB Wei-qiang Mo 0-0: Called Strike
0-1: Ball
1-1: Foul Ball, location: 2F
1-2: Fly out, F9 (Flyball, 9D)
Batting: RHB Ty Struck 0-0: Swinging Strike
0-1: Swinging Strike
0-2: Strikes out swinging
Batting: SHB Chris Williamson 0-0: Ball
1-0: DOUBLE (Groundball, 5L)
Batting: RHB Silvio Bonauiti 0-0: Ball
1-0: Swinging Strike
1-1: Ball
2-1: Swinging Strike
2-2: Foul Ball, location: 2F
2-2: Strikes out swinging
Bottom of the 3rd over - 0 runs, 1 hit, 0 errors, 1 left on base; Wizarding 4 - Portland 5
TOP OF THE 4TH
Wizarding Express batting - Pitching for Portland Evergreens : RHP Kent Clement
Batting: RHB Frank Grimes 0-0: Foul Ball, location: 2F
0-1: Ground out 1-3 (Groundball, 15S)
Batting: LHB José Corona 0-0: Called Strike
0-1: Ball
1-1: Called Strike
1-2: Foul Ball, location: 2F
1-2: Ground out 4-3 (Groundball, 4S)
Batting: SHB Salvador Trevino 0-0: Fly out, F9 (Flyball, 9S)
Top of the 4th over - 0 runs, 0 hits, 0 errors, 0 left on base; Wizarding 4 - Portland 5
BOTTOM OF THE 4TH
Portland Evergreens batting - Pitching for Wizarding Express : LHP Charles Dobson
Batting: RHB Frank Crocker 0-0: Ground out 5-3 (Groundball, 56S)
Batting: LHB John Ennis 0-0: Ball
1-0: Swinging Strike
1-1: Ball
2-1: Ball
3-1: Called Strike
3-2: Foul Ball, location: 2F
3-2: Fly out, F7 (Flyball, 78M)
Batting: RHB Micah Coffey 0-0: Ball
1-0: Ball
2-0: Ball
3-0: Called Strike
3-1: Base on Balls
Batting: LHB Adrián Gómez 0-0: Ball
1-0: Called Strike
1-1: Ball
2-1: Foul Ball, location: 2F
2-2: Fly out, F7 (Flyball, 7LS)
Bottom of the 4th over - 0 runs, 0 hits, 0 errors, 1 left on base; Wizarding 4 - Portland 5
TOP OF THE 5TH
Wizarding Express batting - Pitching for Portland Evergreens : RHP Kent Clement
Batting: LHB Nathan Tanner 0-0: Called Strike
0-1: Ball
1-1: Swinging Strike
1-2: Foul Ball, location: 2F
1-2: Ball
2-2: Ball
3-2: Strikes out swinging
Batting: RHB António Martínez 0-0: Swinging Strike
0-1: Ball
1-1: Swinging Strike
1-2: Strikes out looking
Batting: LHB António Boccanegra 0-0: Called Strike
0-1: Ball
1-1: Called Strike
1-2: Ball
2-2: Foul Ball, location: 2F
2-2: Ball
3-2: Base on Balls
Batting: SHB Fernando Sánchez 0-0: Called Strike
0-1: Fly out, F8 (Flyball, 8RS)
Top of the 5th over - 0 runs, 0 hits, 0 errors, 1 left on base; Wizarding 4 - Portland 5
BOTTOM OF THE 5TH
Portland Evergreens batting - Pitching for Wizarding Express : LHP Charles Dobson
Batting: LHB Chris Payling 0-0: TRIPLE (Line Drive, 8RXD)
Batting: RHB Wei-qiang Mo 0-0: Foul Ball, location: 2F
0-1: Ball
1-1: SINGLE (Line Drive, 34D)
Chris Payling scores
Pitching: LHP Eijiro Takahashi
Batting: RHB Ty Struck 0-0: Ball
1-0: Foul Ball, location: 2F
1-1: Ball
2-1: Called Strike
2-2: Foul Ball, location: 2F
2-2: Foul Ball, location: 2F
2-2: Strikes out looking
Batting: SHB Chris Williamson 0-0: Ball
1-0: Foul Ball, location: 2F
1-1: Ball
2-1: Foul Ball, location: 2F
2-2: Fly out, F3 (Popup, 3SF)
Batting: RHB Silvio Bonauiti 0-0: Ball
1-0: Ball
2-0: Called Strike
2-1: Called Strike
2-2: Strikes out looking
Bottom of the 5th over - 1 run, 2 hits, 0 errors, 1 left on base; Wizarding 4 - Portland 6
TOP OF THE 6TH
Wizarding Express batting - Pitching for Portland Evergreens : RHP Kent Clement
Batting: RHB Rafael Arredondo 0-0: Called Strike
0-1: SINGLE (Line Drive, 7LS)
Batting: LHB David Breitling 0-0: Ball
1-0: Sac Bunt - play at first, batter OUT! 5-3
Rafael Arredondo to second
Batting: RHB Frank Grimes 0-0: Ball
1-0: Called Strike
1-1: Ball
2-1: Ball
3-1: Foul Ball, location: 2F
3-2: SINGLE (Flyball, 8LS)
Rafael Arredondo to third
Runner from 3rd tries for Home, SAFE, no throw
Pitching: LHP Shinzo Kumagai
Batting: LHB José Corona 0-0: Ball
1-0: Ball
2-0: Ball
3-0: Called Strike
3-1: Base on Balls
Frank Grimes to second
Batting: SHB Salvador Trevino 0-0: Ball
1-0: Ball
2-0: Ball
3-0: Called Strike
3-1: Called Strike
3-2: Foul Ball, location: 2F
3-2: Fielders Choice at 2nd, 3-6 (Groundball, 34)
Frank Grimes to third
Batting: LHB Nathan Tanner 0-0: Foul Ball, location: 2F
0-1: 3-RUN HOME RUN (Flyball, 9LD), Distance : 383 ft
Pitching: RHP Gene Kirkland
Batting: RHB António Martínez 0-0: Ball
1-0: Called Strike
1-1: Ground out 5-3 (Groundball, 5)
Top of the 6th over - 4 runs, 3 hits, 0 errors, 0 left on base; Wizarding 8 - Portland 6
BOTTOM OF THE 6TH
Portland Evergreens batting - Pitching for Wizarding Express : LHP Eijiro Takahashi
Batting: RHB Frank Crocker 0-0: Foul Ball, location: 2F
0-1: Swinging Strike
0-2: Ball
1-2: Foul Ball, location: 2F
1-2: Strikes out swinging
Batting: LHB John Ennis 0-0: Foul Ball, location: 2F
0-1: Ball
1-1: Ball
2-1: Called Strike
2-2: Foul Ball, location: 2F
2-2: Foul Ball, location: 2F
2-2: Ball
3-2: SINGLE (Line Drive, 89M)
Batting: RHB Micah Coffey 0-0: Ball
1-0: Ball
2-0: Called Strike
2-1: Grounds into double play, 6-4-3 (Groundball, 6)
Bottom of the 6th over - 0 runs, 1 hit, 0 errors, 0 left on base; Wizarding 8 - Portland 6
TOP OF THE 7TH
Wizarding Express batting - Pitching for Portland Evergreens : RHP Gene Kirkland
Batting: LHB António Boccanegra 0-0: Called Strike
0-1: Fly out, F6 (Line Drive, 6M)
Batting: SHB Fernando Sánchez 0-0: SINGLE (Line Drive, 89S)
Batting: RHB Rafael Arredondo 0-0: Called Strike
0-1: Ball
1-1: Ball
2-1: Ball
3-1: Base on Balls
Fernando Sánchez to second
Batting: LHB David Breitling 0-0: Foul Ball, location: 2F
0-1: Foul Ball, location: 2F
0-2: Ball
1-2: Foul Ball, location: 2F
1-2: Ball
2-2: Strikes out swinging
Batting: RHB Frank Grimes 0-0: Called Strike
0-1: Ball
1-1: Swinging Strike
1-2: Ball
2-2: Foul Ball, location: 2F
2-2: Ball
3-2: Foul Ball, location: 2F
3-2: Strikes out swinging
Top of the 7th over - 0 runs, 1 hit, 0 errors, 2 left on base; Wizarding 8 - Portland 6
BOTTOM OF THE 7TH
Portland Evergreens batting - Pitching for Wizarding Express : LHP Eijiro Takahashi
Batting: LHB Adrián Gómez 0-0: Foul Ball, location: 2F
0-1: Swinging Strike
0-2: Strikes out swinging
Batting: LHB Chris Payling 0-0: Ball
1-0: Ball
2-0: Swinging Strike
2-1: Ground out 5-3 (Groundball, 25)
Batting: RHB Wei-qiang Mo 0-0: Ball
1-0: Fly out, F9 (Flyball, 9LS)
Bottom of the 7th over - 0 runs, 0 hits, 0 errors, 0 left on base; Wizarding 8 - Portland 6
TOP OF THE 8TH
Wizarding Express batting - Pitching for Portland Evergreens : RHP Gene Kirkland
Batting: LHB José Corona 0-0: Called Strike
0-1: Called Strike
0-2: Foul Ball, location: 2F
0-2: Ball
1-2: Ball
2-2: SINGLE (Groundball, 56) (infield hit)
Batting: SHB Salvador Trevino 0-0: Swinging Strike
0-1: Ball
1-1: Ball
2-1: Foul Ball, location: 2F
2-2: Fly out, F5 (Line Drive, 5)
Pitching: LHP Walt Cooley
Batting: LHB Nathan Tanner 0-0: Called Strike
0-1: Ball
1-1: Ball
José Corona steals 2nd base
2-1: Foul Ball, location: 2F
2-2: Ball
3-2: SINGLE (Line Drive, 78S)
José Corona to third
Runner from 3rd tries for Home, SAFE, throw made home
Pitching: RHP Lou Hartling
Batting: RHB António Martínez Pickoff Throw to First - Error! E1
Nathan Tanner to second
0-0: Intentional Walk
Batting: LHB António Boccanegra 0-0: Ball
Nathan Tanner steals 3rd base
António Martínez to second
1-0: Swinging Strike
1-1: Ball
2-1: Foul Ball, location: 2F
2-2: Ground out 4-3 (Groundball, 4)
Batting: SHB Fernando Sánchez 0-0: Intentional Walk
Batting: RHB Rafael Arredondo 0-0: Foul Ball, location: 2F
0-1: Foul Ball, location: 2F
0-2: GRAND SLAM HOME RUN (Flyball, 78XD), Distance : 420 ft
Pinch Hitting: LHB Kyung-chor Pang 0-0: Ball
1-0: Foul Ball, location: 2F
1-1: Foul Ball, location: 2F
1-2: Ball
2-2: Ball
3-2: Ground out 5-3 (Groundball, 56)
Top of the 8th over - 5 runs, 3 hits, 1 error, 0 left on base; Wizarding 13 - Portland 6
BOTTOM OF THE 8TH
Portland Evergreens batting - Pitching for Wizarding Express : LHP Eijiro Takahashi
Now in CF: Kyung-chor Pang
Batting: RHB Ty Struck 0-0: Foul Ball, location: 2F
0-1: Foul Ball, location: 2F
0-2: Strikes out looking
Pitching: RHP Gabe Stephenson
Batting: SHB Chris Williamson 0-0: Called Strike
0-1: Called Strike
0-2: Foul Ball, location: 2F
0-2: Strikes out looking
Batting: RHB Silvio Bonauiti 0-0: Ball
1-0: SINGLE (Groundball, 56) (infield hit)
Batting: RHB Frank Crocker 0-0: Ball
1-0: Swinging Strike
1-1: Fly out, F7 (Flyball, 7D)
Bottom of the 8th over - 0 runs, 1 hit, 0 errors, 1 left on base; Wizarding 13 - Portland 6
TOP OF THE 9TH
Wizarding Express batting - Pitching for Portland Evergreens : RHP Lou Hartling
Batting: RHB Frank Grimes 0-0: Called Strike
0-1: Foul Ball, location: 2F
0-2: Strikes out swinging
Batting: LHB José Corona 0-0: Called Strike
0-1: Foul Ball, location: 2F
0-2: Ball
1-2: Ball
2-2: Fly out, F7 (Flyball, 7LS)
Batting: SHB Salvador Trevino 0-0: Ball
1-0: Foul Ball, location: 2F
1-1: Ball
2-1: Ball
3-1: Ground out 5-3 (Groundball, 5)
Top of the 9th over - 0 runs, 0 hits, 0 errors, 0 left on base; Wizarding 13 - Portland 6
BOTTOM OF THE 9TH
Portland Evergreens batting - Pitching for Wizarding Express : RHP Gabe Stephenson
Batting: LHB John Ennis 0-0: Called Strike
0-1: Foul Ball, location: 2F
0-2: Foul Ball, location: 2F
0-2: Ball
1-2: Foul Ball, location: 2F
1-2: Ball
2-2: Foul Ball, location: 2F
2-2: Fly out, F8 (Flyball, 78XD)
Batting: RHB Micah Coffey 0-0: SINGLE (Line Drive, 56D)
Batting: LHB Adrián Gómez 0-0: Ball
1-0: Foul Ball, location: 2F
1-1: Ball
2-1: Foul Ball, location: 2F
2-2: Foul Ball, location: 2F
2-2: Hit by Pitch
Micah Coffey to second
Batting: LHB Chris Payling 0-0: Swinging Strike
0-1: Ball
1-1: Ball
2-1: Ball
3-1: Fielders Choice at 2nd, 4-6 (Groundball, 4)
Micah Coffey to third
Batting: RHB Wei-qiang Mo 0-0: Ball
1-0: Ball
2-0: Called Strike
2-1: Ground out 5-3 (Groundball, 5S)
Bottom of the 9th over - 0 runs, 1 hit, 0 errors, 2 left on base; Wizarding 13 - Portland 6
Tuesday, December 19th, 2017 - OOTP Baseball 18.8 Build 76